 Dungeon Crawl Stone Soup version 0.27-a0-345-g7370b58738 (webtiles) character file.

Game seed: 10918789614587899391

1 Chiseanne the Sneak (level 1, 0/11 HPs)
             Began as a Spriggan Delver on Feb 15, 2021.
             Slain by a sky beast (6 damage)
             ... on level 5 of the Dungeon.
             The game lasted 00:01:35 (234 turns).

Chiseanne the Sneak (Spriggan Delver)                Turns: 234, Time: 00:01:35

Health: 0/11       AC:  2    Str:  8    XL:     1   Next: 16%
Magic:  2/2        EV: 18    Int: 11    God:
Gold:   29         SH:  0    Dex: 16    Spells: 0/0 levels left

rFire    . . .     SeeInvis +   a - +0 short sword
rCold    . . .     Faith    .   (shield restricted)
rNeg     . . .     Spirit   .   b - +0 robe
rPois    .         Reflect  .   (helmet restricted)
rElec    .         Harm     .   (no cloak)
rCorr    .         Rampage  .   (gloves unavailable)
Will     .....                  (boots unavailable)
Stlth    ++++......             (no amulet)
HPRegen  0.03/turn              (no ring)
MPRegen  0.08/turn              (no ring)

@: very quick
A: very small, unfitting armour, see invisible, speed 3
a: no special abilities


You were on level 5 of the Dungeon.
You visited 1 branch of the dungeon, and saw 1 of its levels.

You collected 29 gold pieces.

Inventory:

Hand Weapons
 a - a +0 short sword (weapon)
Missiles
 j - 21 bolts
Armour
 b - a +0 robe (worn)
Wands
 g - a wand of digging (3)
 i - a wand of paralysis (7)
Scrolls
 c - a scroll of fog
 d - a scroll of magic mapping
 e - a scroll of fear
 h - a scroll of enchant weapon {unknown}
Potions
 f - a potion of haste


   Skills:
 - Level 2.4 Fighting
 - Level 2.1 Short Blades
 - Level 2.6 Dodging
 * Level 7.3 Stealth


You couldn't memorise any spells.
You didn't know any spells.
Your spell library was empty.

Dungeon Overview and Level Annotations

Branches:
Dungeon (5/15)
 Temple: D:4-7

Altars:
Cheibriados
Elyvilon
Sif Muna
Trog
Uskayaw
Vehumet
Yredelemnul


Innate Abilities, Weirdness & Mutations

You are very small and have problems with some larger weapons.
You are too small for most types of armour.
You have supernaturally acute eyesight. (SInv)
You cover ground extremely quickly.


Message History

There is an open door here.
You close the door.
You open the door.
There is an open door here.
A phantom comes into view.
A sky beast comes into view.
Found a flail.
You open the door.
There is an open door here.
You close the door.
A phantom opens the door.
You open the door.
There is an open door here.
You close the door.
You open the door.
There is an open door here.
You close the door.
Found a radiant altar of Vehumet.
An orc and an ufetubus come into view.
The ufetubus shouts!
There is an open door here.
Found a bloodstained altar of Trog.
Found a snail-covered altar of Cheibriados and a basalt altar of Yredelemnul.
Found a white marble altar of Elyvilon.
Found a shimmering blue altar of Sif Muna.
Found a hide-covered altar of Uskayaw.
The ufetubus misses you. The ufetubus hits you. The ufetubus barely misses you.
The ufetubus misses you.
You hit the orc but do no damage. The ufetubus misses you.
The ufetubus closely misses you. The orc barely misses you.
There is an open door here.
The ufetubus barely misses you. The ufetubus closely misses you.
The ufetubus completely misses you. The ufetubus closely misses you.
The orc hits you with a +0 dagger.
There is an open door here.
You close the door.
Something unseen opens the door.
There is an open door here.
The sky beast hits you. The sky beast shocks you.
Ouch! That really hurt!
You die...

#........#.........#.....+...#
#........#.........#.....#...#
+........'.........#.....#...#
#........#+##.####.#######...#
#######..........#.##.####...#
......+......................#
......#.....#.#..............#
......#......>.Y.............#
......#.....#.#.@............#
#######..........###..###....#
........###..########
...#....5.....#.....# ..
#..........#.....# #
#########..#.....#
####_###_#.#..#.....#
#⌠.#.#.#.#.8#'###...#
#...............#...#


You could see a sky beast and an ufetubus.

Vanquished Creatures
  A giant cockroach (D:5)
1 creature vanquished.

Vanquished Creatures (others)
  A worker ant (D:5)
  A gnoll (D:5)
2 creatures vanquished.

Grand Total: 3 creatures vanquished

Notes
Turn   | Place    | Note
-------+----------+-------------------------------------------
     0 | D:5      | Chiseanne the Spriggan Delver began the quest for the Orb.
     0 | D:5      | Reached XP level 1. HP: 11/11 MP: 2/2
    45 | D:5      | Noticed a worker ant
   122 | D:5      | Noticed a phantom
   123 | D:5      | Noticed a sky beast
   135 | D:5      | Killed a worker ant
   173 | D:5      | Found a radiant altar of Vehumet.
   179 | D:5      | Found a bloodstained altar of Trog.
   180 | D:5      | Found a snail-covered altar of Cheibriados.
   180 | D:5      | Found a basalt altar of Yredelemnul.
   182 | D:5      | Found a white marble altar of Elyvilon.
   183 | D:5      | Found a shimmering blue altar of Sif Muna.
   184 | D:5      | Found a hide-covered altar of Uskayaw.
   234 | D:5      | Slain by a sky beast

Illustrated notes

Levels and vault maps discovered:
D:5:      old_forge, layout_gridville, minitemple, minmay_temple_entry_grid,
          st_stairs_14, xom_confusion_cloud

Action                   || total
-------------------------++-------
Melee: Short sword       ||     8
Armor: Robe              ||     1
Dodge: Dodged            ||    16

Table legend: (Time is in decaauts)
 A = Elapsed time spent in this place.
 B = Non-inter-level travel time spent in this place.
 C = Inter-level travel time spent in this place.
 D = Time resting spent in this place.
 E = Time spent auto-exploring this place.
 F = Levels seen in this place.
 G = Mean time per level.
                   A        B        C        D        E       F      G
               +--------+--------+--------+--------+--------+-----+--------+
         Total |    151 |    151 |      0 |      0 |      0 |   1 |  151.0 |
       Dungeon |    151 |    151 |      0 |      0 |      0 |   1 |  151.0 |
               +--------+--------+--------+--------+--------+-----+--------+

Top non-repeatable levels by time:
     D:5: 151 daAuts
